 Dungeon Crawl Stone Soup version 0.30-a0-948-g4fa250aae5 (webtiles) character file.

Game seed: 4198284876800354125

6 DeathPants the Sneak (level 1, -1/11 HPs)
             Began as a Vine Stalker Delver on Mar 26, 2023.
             Killed from afar by a white imp (10 damage)
             ... with a puff of frost
             ... on level 5 of the Dungeon.
             The game lasted 00:00:45 (211 turns).

DeathPants the Sneak (Vine Stalker Delver)           Turns: 211, Time: 00:00:46

Health: -1/11      AC:  3    Str: 14    XL:     1   Next: 90%
Magic:  0/2        EV: 11    Int: 10    God:
Gold:   23         SH:  0    Dex: 15    Spells: 0/0 levels left

rFire   . . .      SeeInvis .    a - +0 short sword
rCold   . . .      Faith    .    (no shield)
rNeg    . . .      Spirit   +    b - +0 leather armour
rPois   .          Reflect  .    (no helmet)
rElec   .          Rampage  .    (no cloak)
rCorr   .                        (no gloves)
Will    .....                    (no boots)
Stlth   +++                      (no amulet)
HPRegen 0.21/turn                (no ring)
MPRegen 0.08/turn                (no ring)

@: no status effects
A: fangs 2, magic shield, antimagic bite, no potion heal 2
a: no special abilities


You were on level 5 of the Dungeon.
You visited 1 branch of the dungeon, and saw 2 of its levels.

You collected 23 gold pieces.

Inventory:

Hand Weapons
 a - a +0 short sword (weapon)
Armour
 b - a +0 leather armour (worn)
Wands
 g - a wand of digging (3)
Scrolls
 c - a scroll of fog
 d - a scroll of magic mapping
 e - a scroll of fear


   Skills:
 + Level 2.8 Fighting
 + Level 1.9 Short Blades
 + Level 1.7 Dodging
 + Level 6.1 Stealth


You couldn't memorise any spells.
You didn't know any spells.
Your spell library was empty.

Dungeon Overview and Level Annotations

Branches:
Dungeon (6/15)
 Temple: D:4-7

Altars:


Innate Abilities, Weirdness & Mutations

You have extremely sharp teeth.
When hurt, damage is shared between your health and your magic reserves.
Your bite disrupts and absorbs the magic of your enemies.
Potions cannot restore your health.


Message History

You hit the orc but do no damage. You bite the orc, but do no damage.
The orc is heavily wounded.
The orc hits you but does no damage.
You hit the orc but do no damage.
The orc is heavily wounded.
You hit the orc but do no damage.
The orc is heavily wounded.
The orc completely misses you.
You hit the orc.
The orc is heavily wounded.
The orc barely misses you.
You closely miss the orc.
The orc is heavily wounded.
You hit the orc. Your bite misses the orc.
The orc is severely wounded.
The orc closely misses you.
You closely miss the orc. You bite the orc.
You kill the orc!
You hit the orc. Your bite misses the orc.
The orc is heavily wounded.
You hit the orc.
You kill the orc!
Items here: ))) [ ††.
HP restored.
The orc shouts!
You hear a howl!
You hear a bark!
Your extra speed is starting to run out.
You feel yourself slow down.
Found a falchion.
You see here a +0 falchion.
A hound comes into view.
A white imp comes into view.
A scorpion comes into view.
The white imp shouts!
You hear a howl!
You hear a bark!
The white imp gestures at you. The puff of frost hits you.
The white imp closely misses you. The white imp gestures at you.
The puff of frost hits you!
Ouch! That really hurt!
You die...

#.#
##.##############
#..........).....
##.#.##..########
#.#.##..# #
#.#.##...# #
#.......## #####
#########.......#
#....
.......@.........
#.###
..#######5#####.#
#.# #s# # #.###
... #. #.#....
....# .##.#####
.#..#. ....# # ..
..... ...# #
.##...##..## #
o.....# #


You could see a white imp.

Vanquished Creatures
  3 orcs (D:5)
3 creatures vanquished.

Notes
Turn   | Place    | Note
-------+----------+-------------------------------------------
     0 | D:5      | DeathPants the Vine Stalker Delver began the quest for the
                  | Orb.
     0 | D:5      | Reached XP level 1. HP: 11/11 MP: 2/2
    40 | D:6      | Noticed a quasit
    41 | D:6      | Noticed a quasit
   103 | D:5      | Noticed a howler monkey
   197 | D:5      | Noticed a hound
   207 | D:5      | Noticed a scorpion
   211 | D:5      | Killed from afar by a white imp

Illustrated notes

Levels and vault maps discovered:
D:5:      layout_basic, slow_altar_1
D:6:      layout_basic, mainiacjoe_overflow_brackets,
          mainiacjoe_overflow_alcove_2, mainiacjoe_overflow_six_doors_small,
          gammafunk_ghost_stat_death

Action                     || total
---------------------------++-------
  Melee: Short sword       ||    19
         Bite              ||     6
    Use: Potion            ||     1
 Armour: Leather armour    ||     2
  Dodge: Dodged            ||     7

Table legend: (Time is in decaauts)
 A = Elapsed time spent in this place.
 B = Non-inter-level travel time spent in this place.
 C = Inter-level travel time spent in this place.
 D = Time resting spent in this place.
 E = Time spent auto-exploring this place.
 F = Levels seen in this place.
 G = Mean time per level.
                   A        B        C        D        E       F      G
               +--------+--------+--------+--------+--------+-----+--------+
         Total |    190 |    190 |      0 |      0 |     52 |   2 |   95.0 |
       Dungeon |    190 |    190 |      0 |      0 |     52 |   2 |   95.0 |
               +--------+--------+--------+--------+--------+-----+--------+

Top non-repeatable levels by time:
     D:5: 124 daAuts
     D:6: 65 daAuts
